Map: Bridgehead LE (Void)

Players

Javert

  • Race: Zerg Zerg
  • League: Platinum

星际菜鸟 - Winner!

  • Race: Terran Terran
  • League: Gold

VOD

Have the link to the VOD?

Description

Time

  • Played on: Aug. 12, 2015, 10:20 p.m.
  • Length: 8:43
Show
View Real Time Build Order
Export as new Build Order

Javert Zerg 

Build Orders: Hatch First, Muta Ling Bane 

Get SALT Encoding   

  12  0:01  Drone  
  13  0:16  Overlord  
  13  0:19  Drone  
  14  0:35  Drone x2  
  16  0:39  Drone  
  17  0:53  Hatchery  
  17  0:56  Drone  
  17  1:01  Drone  
  17  1:02  Extractor  
  17  1:11  Drone  
  18  1:22  Spawning Pool  
  17  1:26  Drone  
  17  1:32  Drone  
  19  1:45  Drone  
  20  1:55  Drone  
  21  2:08  Queen  
  21  2:09  Metabolic Boost, Queen  
  21  2:13  Overlord  
  25  2:19  Zergling x4  
  27  2:25  Drone  
  28  2:34  Drone x2  
  30  2:52  Drone x3  
  30  2:53  Drone  
  30  2:58  Overlord  
  34  3:10  Drone x2  
  34  3:12  Overlord  
  36  3:23  Drone x4  
  36  3:24  Drone x3  
  43  3:39  Queen  
  45  3:42  Baneling Nest  
  45  3:47  Drone x5  
  49  3:50  Extractor  
  49  3:51  Extractor  
  49  3:53  Lair  
  47  4:10  Drone x6, Extractor  
  47  4:12  Overlord x2  
  47  4:13  Hatchery  
  51  4:27  Overlord x2  
  51  4:34  Zergling x6  
  54  4:39  Zergling x2  
  54  4:40  Zergling x14  
  62  4:48  Drone x2  
  64  4:54  Centrifical Hooks  
  64  4:55  Spire  
  63  5:00  Evolution Chamber  
  63  5:02  Drone x2  
  63  5:05  Drone  
  65  5:09  Hydralisk Den  
  65  5:16  Drone x6  
  65  5:17  Drone x3  
  74  5:26  Lurker Den  
  74  5:29  Spine Crawler  
  74  5:30  Zerg Ground Armor Level 1  
  74  5:31  Overlord  
  74  5:32  Overlord  
  71  5:43  Overlord  
  71  5:47  Evolution Chamber  
  69  5:50  Drone x7  
  75  6:00  Baneling x5  
  75  6:01  Baneling x7  
  75  6:10  Spire  
  74  6:13  Zergling x2  
  74  6:14  Zergling x12  
  81  6:20  Spore Crawler, Spine Crawler  
  79  6:27  Overlord  
  63  6:58  Drone x7  
  70  7:03  Overlord  
  70  7:07  Hydralisk  
  70  7:08  Hydralisk x5  
  74  7:12  Hatchery  
  81  7:27  Mutalisk x6  
  87  7:42  Mutalisk x2  
  89  7:49  Zergling x2  
  89  7:50  Zergling x8  
  82  8:14  Mutalisk x3  
  90  8:35  Spine Crawler  
Show
View Real Time Build Order
Export as new Build Order

星际菜鸟 Terran - Winner!

Build Orders: Command Center First (CC), MMM Bio 

Get SALT Encoding   

  12  0:00  SCV  
  13  0:13  SCV  
  14  0:18  Supply Depot  
  14  0:25  SCV  
  15  0:40  SCV  
  16  0:52  SCV  
  17  1:04  SCV  
  17  1:05  Command Center  
  18  1:17  SCV  
  18  1:18  Barracks  
  19  1:29  SCV  
  19  1:31  Refinery  
  20  1:41  SCV  
  21  1:49  Supply Depot  
  21  1:54  SCV  
  21  2:06  Refinery, Marine  
  22  2:11  Orbital Command  
  22  2:17  Orbital Command  
  22  2:24  Marine  
  23  2:39  SCV  
  23  2:43  SCV  
  25  2:49  Factory  
  25  2:51  SCV  
  25  2:55  SCV  
  27  2:58  Barracks Tech Lab  
  27  3:03  Barracks  
  27  3:04  SCV  
  28  3:06  Barracks  
  28  3:08  SCV  
  29  3:14  Supply Depot  
  29  3:17  SCV  
  30  3:20  Stimpack  
  30  3:21  Marine  
  30  3:23  SCV  
  32  3:27  Engineering Bay  
  32  3:32  SCV  
  33  3:35  SCV  
  33  3:37  Factory Tech Lab  
  34  3:42  Starport  
  34  3:44  SCV  
  34  3:47  SCV, Refinery  
  36  3:55  Terran Infantry Weapons Level 1  
  36  3:59  SCV  
  36  4:00  Barracks Reactor, SCV  
  38  4:03  Barracks Reactor  
  38  4:09  Marine  
  38  4:12  SCV x2  
  38  4:16  Supply Depot  
  41  4:22  Siege Tank  
  41  4:23  Command Center  
  44  4:24  SCV x2  
  44  4:28  Refinery  
  46  4:31  Starport Reactor  
  46  4:36  SCV  
  47  4:39  Marine x2  
  47  4:40  Supply Depot, Marine x2  
  47  4:44  SCV  
  52  4:48  SCV  
  52  4:50  Marine  
  54  4:55  Supply Depot  
  54  4:56  SCV  
  55  5:00  SCV  
  55  5:03  Missile Turret  
  55  5:06  Missile Turret  
  56  5:07  Marine x4  
  56  5:08  Marine  
  56  5:10  Medivac  
  56  5:12  Medivac  
  65  5:21  Siege Tank  
  65  5:25  Marine  
  65  5:28  Combat Shields  
  69  5:31  Marine x2  
  71  5:41  Marine  
  71  5:42  Marine  
  73  5:53  Marine x2  
  73  5:54  Marine  
  73  5:55  Siege Tank, Medivac x2  
  83  5:59  Marine x2  
  85  6:11  Marine  
  85  6:14  Marine  
  85  6:15  Barracks, Marine  
  85  6:17  Marine, Barracks, Orbital Command  
  89  6:21  Terran Infantry Armor Level 1  
  89  6:26  Armory  
  89  6:28  Engineering Bay  
  75  6:54  Marine x5  
  80  7:07  Siege Tank  
  80  7:08  Medivac x2  
  87  7:12  Marine x4  
  87  7:15  Marine  
  90  7:28  Barracks Reactor  
  90  7:29  Barracks Reactor, Marine  
  90  7:30  Marine x2  
  90  7:34  Marine  
  90  7:35  Marine  
  92  7:47  Marine, Orbital Command  
  93  7:55  Marine  
  93  7:56  Marine  
  93  8:03  Siege Tank  
  93  8:08  Marine  
  93  8:09  Marine x2  
  91  8:12  Marine  
  91  8:13  Marine  
  93  8:24  SCV x3, Marine x4  
  93  8:25  Supply Depot  
  93  8:26  Supply Depot  
  101  8:28  Supply Depot  
  101  8:29  Supply Depot  
Tags
 
Add a new tag
Caveats
  • Supply blocks, unpowered buildings, or Contaminate may cause inaccurate times.
  • Supply counts are checked every 10 seconds.